 Dungeon Crawl Stone Soup version 0.28-a0-2-g643f2454ad (webtiles) character file.

Game seed: 11295688053075624812

77448 jasper the Nimble (level 14, -1/127 HPs)
             Began as a Demigod Brigand on July 15, 2021.
             Slain by Jorgrun (19 damage)
             ... on level 1 of the Orcish Mines on July 22, 2021.
             The game lasted 00:38:57 (24857 turns).

jasper the Nimble (Demigod Brigand)                Turns: 24857, Time: 00:38:58

Health: -1/127     AC: 19    Str: 12    XL:     14   Next: 74%
Magic:  17/17      EV: 25    Int: 13    God:
Gold:   1349       SH: 14    Dex: 33    Spells: 13/13 levels left

rFire   + + .      SeeInvis .   O - +5 long sword of Midsummer {vorpal, Fly rC- rN++}
rCold   + + .      Faith    .   G - +0 buckler {AC+3}
rNeg    + + .      Spirit   .   l - +3 leather armour {rC+}
rPois   .          Reflect  +   q - +2 helmet
rElec   .          Harm     .   c - +1 cloak
rCorr   +          Rampage  .   w - +2 pair of gloves
Will    +....                   V - +1 pair of boots of Piumoga {rC+ Dex+4}
Stlth   ++........              A - amulet of Utesk {Reflect rF++ Regen+ Dex-2 SH+5 Stlth-}
HPRegen 1.31/turn               F - ring of resist corrosion
MPRegen 0.15/turn               W - ring of protection from cold

@: grasped by roots, flying, constricted
A: high mp 1, forlorn
a: no special abilities


You were on level 1 of the Orcish Mines.
You visited 4 branches of the dungeon, and saw 21 of its levels.

You collected 1984 gold pieces.
You spent 635 gold pieces at shops.

Inventory:

Hand Weapons
 h - a +4 scimitar of flaming
 O - the +5 long sword of Midsummer (weapon) {vorpal, Fly rC- rN++}
   (You took it off an orc wizard on level 9 of the Dungeon)

   It inflicts extra damage upon your enemies.
   rC:        It makes you vulnerable to cold.
   rN:        It greatly protects you from negative energy.
   Fly:       It grants you flight.
Missiles
 d - 66 poisoned darts (quivered)
 e - 8 curare-tipped darts
 k - 676 stones
 r - 7 atropa-tipped darts
 K - 6 throwing nets
Armour
 c - a +1 cloak (worn)
 l - a +3 leather armour of cold resistance (worn)
 q - a +2 helmet (worn)
 w - a +2 pair of gloves (worn)
 G - a +0 buckler of protection (worn)
 H - +0 fire dragon scales
 V - the +1 pair of boots of Piumoga (worn) {rC+ Dex+4}
   (You found it on level 10 of the Dungeon)

   Dex:       It affects your dexterity (+4).
   rC:        It protects you from cold.
Jewellery
 A - the amulet of Utesk (around neck) {Reflect rF++ Regen+ Dex-2 SH+5 Stlth-}
   (You bought it in a shop on level 5 of the Dungeon)

   [amulet of reflection]

   It reflects blocked missile attacks.
   Dex:       It affects your dexterity (-2).
   rF:        It greatly protects you from fire.
   Regen:     It increases your rate of health regeneration.
   SH:        It affects your SH (+5).
   Stlth:     It makes you less stealthy.
 C - a ring of magical power
 F - a ring of resist corrosion (left hand)
 R - a ring of protection from fire
 W - a ring of protection from cold (right hand)
Wands
 a - a wand of mindburst (9)
 t - a wand of iceblast (5)
 y - a wand of charming (7)
 D - a wand of polymorph (7)
 J - a wand of flame (17)
 Z - a wand of paralysis (6)
Scrolls
 b - 2 scrolls of teleportation
 u - 3 scrolls of enchant weapon
 v - 6 scrolls of magic mapping
 Q - a scroll of fear
 S - 6 scrolls of enchant armour
 U - a scroll of fog
 X - 2 scrolls of blinking
Potions
 f - a potion of attraction
 i - a potion of magic
 j - 7 potions of might
 m - 4 potions of curing
 n - 4 potions of lignification
 o - 2 potions of invisibility
 s - 5 potions of degeneration
 B - 3 potions of ambrosia {unknown}
 E - 2 potions of resistance {unknown}
 I - a potion of cancellation {unknown}
 M - 4 potions of flight {unknown}
 N - 3 potions of brilliance {unknown}
 Y - 2 potions of haste
Miscellaneous
 p - a phantom mirror
 T - a box of beasts


   Skills:
 + Level 12.5 Fighting
 - Level 1.7(8.3) Short Blades
 + Level 12.4 Long Blades
 - Level 1.7 Throwing
 * Level 14.1 Dodging
 - Level 3.6 Stealth
 - Level 8.5 Shields


You had 13 spell levels left.
You didn't know any spells.
Your spell library contained the following spells:

 Spells                   Type           Power      Damage    Failure   Level
 Corona                   Hex            0%         N/A       36%         1
 Sting                    Tmut/Pois      0%         1d3       36%         1
 Summon Small Mammal      Summ           0%         N/A       36%         1
 Ensorcelled Hibernation  Hex/Ice        0%         N/A       52%         2
 Passwall                 Tmut/Erth      0%         N/A       52%         2
 Poisonous Vapours        Pois/Air       0%         N/A       52%         2
 Sublimation of Blood     Necr           0%         N/A       52%         2
 Wereblood                Tmut           0%         N/A       52%         2
 Call Canine Familiar     Summ           0%         N/A       75%         3
 Frozen Ramparts          Ice            0%         1d2       75%         3
 Portal Projectile        Hex/Tloc       0%         N/A       75%         3
 Summon Guardian Golem    Hex/Summ       0%         N/A       75%         3
 Swiftness                Air            0%         N/A       75%         3
 Tukima's Dance           Hex            0%         N/A       75%         3
 Animate Armour           Summ/Erth      0%         N/A       98%         4
 Animate Dead             Necr           0%         N/A       98%         4
 Fulminant Prism          Conj/Hex       0%         3d6       98%         4
 Ice Form                 Ice/Tmut       0%         N/A       98%         4
 Iskenderun's Mystic Bla  Conj/Tloc      0%         2d3       98%         4
 Leda's Liquefaction      Hex/Erth       0%         N/A       98%         4
 Olgreb's Toxic Radiance  Pois           0%         N/A       98%         4
 Passage of Golubria      Tloc           N/A        N/A       98%         4
 Petrify                  Tmut/Erth      0%         N/A       98%         4
 Summon Ice Beast         Ice/Summ       0%         N/A       98%         4
 Alistair's Intoxication  Tmut/Pois      0%         N/A       100%        5
 Blade Hands              Tmut           0%         N/A       100%        5
 Borgnjor's Vile Clutch   Necr/Erth      0%         N/A       100%        5
 Fireball                 Conj/Fire      0%         3d3       100%        5
 Irradiate                Conj/Tmut      0%         3d14      100%        5
 Iskenderun's Battlesphe  Conj           0%         2d6       100%        5
 Lee's Rapid Deconstruct  Erth           0%         3d5*      100%        5
 Summon Mana Viper        Hex/Summ       0%         N/A       100%        5
 Yara's Violent Unravell  Hex/Tmut       0%         3d3       100%        5
 Conjure Ball Lightning   Conj/Air       0%         3x3d6     100%        6
 Death Channel            Necr           0%         N/A       100%        6
 Eringya's Noxious Bog    Tmut/Pois      0%         N/A       100%        6
 Invisibility             Hex            0%         N/A       100%        6
 Iron Shot                Conj/Erth      0%         9d1       100%        6
 Starburst                Conj/Fire      0%         8x6d3     100%        6
 Monstrous Menagerie      Summ           0%         N/A       100%        7
 Summon Hydra             Summ           0%         N/A       100%        7
 Discord                  Hex            0%         N/A       100%        8
 Disjunction              Tloc           0%         N/A       100%        8
 Ignition                 Fire           0%         3d3       100%        8


Dungeon Overview and Level Annotations

Branches:
Dungeon (12/15)            Temple (0/1) D:6            Lair (6/6) D:9
  Swamp (1/4) Lair:3        Snake (0/4) Lair:4        Slime (0/5) Lair:6
    Orc (2/2) D:10
    Elf: Orc:2

Shops:
D:5 =   D:9 *:*

Annotations:
D:12 1 runed translucent door, TerrariaFan's ghost, journeyman DsFi
Orc:1 Jorgrun
Orc:2 1 runed translucent door, Spaninq's ghost, journeyman DDDe


Innate Abilities, Weirdness & Mutations

Your attributes grow dramatically as you level up.
You have an increased reservoir of magic. (+10% MP)
You shall have no god before yourself.


Message History

Roots burst forth from the earth!
The grasping roots grab you! The grasping roots constrict you!
You take 9 damage, and have 94/127 hp.
You slash Jorgrun!
Jorgrun is heavily wounded.
Jorgrun hits you with a +0 vorpal quarterstaff.
The grasping roots constrict you.
You take 1 damage, and have 93/127 hp.
You hit Jorgrun but do no damage.
Jorgrun is heavily wounded.
You block Jorgrun's attack. The grasping roots constrict you!
You take 13 damage, and have 80/127 hp.
You slash Jorgrun!
Jorgrun is severely wounded.
The ogre closely misses you.
You riposte.
You slash the ogre!
The ogre is moderately wounded.
You slash Jorgrun!
Jorgrun is severely wounded.
Jorgrun completely misses you. The grasping roots constrict you!
You take 9 damage, and have 72/127 hp.
You slash Jorgrun!
Jorgrun is almost dead.
The ogre hits you with a +0 giant club! Jorgrun gestures at you while chanting.
The iron shot hits you!!!
* * * LOW HITPOINT WARNING * * *
x2 The grasping roots constrict you!
You take 56 damage, and have 16/127 hp.
MASSIVE DAMAGE!!
You feel much better. Jorgrun closely misses you.
You riposte.
You slash Jorgrun!
Jorgrun is almost dead.
* * * LOW HITPOINT WARNING * * *
The grasping roots constrict you!! You block the ogre's attack.
You miss Jorgrun.
Jorgrun is almost dead.
Jorgrun says, "I've ne'er se'n tha particular type o' rock formation 'fore."
Jorgrun gestures at you while chanting. You resist with significant effort.
You die...

...# #. ........##..#
.## #........... ..
...........# .# ##
...........# #.## ##...
.........$^##...# #...#
.............#.# #..##
#....(........## #...#
....>.g@)......## ##...#
.......O........###.....
............#..##....#..
.............#.#......).
...............)#.#...))
......................#.
............#...........
.............##.#.......
O...#... ###......#


You could see Jorgrun and an ogre.

Vanquished Creatures
  Gastronok (D:8)
  An orc warlord (Orc:1)
  A fire dragon (Lair:6)
  2 catoblepae (Lair:6)
  2 boulder beetles (D:9)
  7 hydras
  Harold (D:8)
  3 two-headed ogres
  An orc high priest (Orc:1)
  A tengu warrior (D:9)
  Urug (Lair:4)
  Nergalle (Lair:1)
  Sonja (Lair:3)
  A lindwurm (Lair:2)
  A necromancer (Lair:6)
  An orc knight (Orc:1)
  3 orc sorcerers (Orc:2)
  2 cyclopes
  A manticore (D:9)
  5 elephants (Lair:6)
  Maurice (D:8)
  Joseph (D:8)
  2 black mambas (Lair:6)
  2 gargoyles
  5 torpor snails (Lair:6)
  12 cane toads
  2 rime drakes
  2 kobold demonologists
  3 unseen horrors
  4 komodo dragons (Lair:6)
  2 efreet (D:9)
  6 trolls
  11 polar bears
  4 tyrant leeches (Lair:6)
  A meliai (D:9)
  6 hornets (Lair:6)
  9 slime creatures
  12 blink frogs
  A dream sheep (Lair:6)
  3 raiju (Lair:6)
  A vampire (D:11)
  6 wyverns
  A wraith (D:12)
  3 basilisks
  26 yaks
  2 vampire mosquitoes (D:12)
  7 wargs
  An acid dragon (D:12)
  2 nagas (Lair:4)
  9 water moccasins
  14 hell hounds (Lair:6)
  A hornet zombie (D:6)
  14 orc warriors
  An ice beast (D:5)
  A sky beast (D:8)
  12 black bears
  6 ogres
  16 wolves
  3 centaurs
  8 kobold brigands
  8 bullfrogs
  4 gnoll sergeants
  A scorpion (D:5)
  A water moccasin zombie (D:5)
  13 killer bees
  4 wights
  6 howler monkeys
  3 centaur zombies
  A hound (D:7)
  A jelly (D:4)
  A bullfrog zombie (D:5)
  10 orc priests
  5 iguanas
  A bullfrog skeleton (D:6)
  2 centaur skeletons
  2 gnoll shamans
  Ijyb (D:5)
  18 orc wizards
  A polar bear simulacrum (Lair:6)
  A yak simulacrum (Lair:6)
  6 wolf simulacra (Lair:6)
  A hound skeleton (D:4)
  2 howler monkey zombies
  7 adders
  25 gnolls
  A shadow imp (D:6)
  A white imp (D:6)
  An ufetubus (D:4)
  A worm (D:2)
  55 orcs
  4 ball pythons
  4 endoplasms
  9 goblins
  11 hobgoblins
  6 jackals (D:1)
  18 kobolds
  2 quokkas
  3 bats
  5 frilled lizards
  2 rats
  3 river rat simulacra (Lair:6)
511 creatures vanquished.

Vanquished Creatures (others)
  A slime creature (D:12)
  An electric eel (D:10)
  An orc wizard (Orc:2)
  2 orcs (Orc:2)
  20 fungi
  42 plants
  2 withered plants (Orc:2)
69 creatures vanquished.

Grand Total: 580 creatures vanquished

Notes
Turn   | Place    | Note
-------+----------+-------------------------------------------
     0 | D:1      | jasper the Demigod Brigand began the quest for the Orb.
     0 | D:1      | Reached XP level 1. HP: 17/17 MP: 3/3
    34 | D:1      | Reached skill level 1 in Dodging
   743 | D:1      | Reached XP level 2. HP: 23/24 MP: 4/4
  1320 | D:2      | Reached skill level 1 in Long Blades
  1384 | D:2      | Reached skill level 2 in Dodging
  1719 | D:2      | Reached XP level 3. HP: 29/29 MP: 5/5
  2342 | D:3      | Reached XP level 4. HP: 17/37 MP: 6/6
  2962 | D:3      | Reached skill level 3 in Dodging
  3313 | D:4      | Noticed an ogre
  3324 | D:4      | Killed an ogre
  3325 | D:4      | Reached XP level 5. HP: 45/45 MP: 7/7
  3552 | D:4      | Reached skill level 4 in Dodging
  4168 | D:5      | Entered Level 5 of the Dungeon
  4183 | D:5      | Reached XP level 6. HP: 40/51 MP: 8/8
  4753 | D:5      | Found Wuoricw's Jewellery Emporium.
  4777 | D:5      | Reached skill level 5 in Dodging
  4777 | D:5      | Reached XP level 7. HP: 53/58 MP: 9/9
  4778 | D:5      | Noticed Ijyb
  4792 | D:5      | Killed Ijyb
  5705 | D:6      | Found a staircase to the Ecumenical Temple.
  5793 | D:6      | Killed an unseen horror
  5794 | D:6      | Reached skill level 6 in Dodging
  5794 | D:6      | Reached XP level 8. HP: 50/67 MP: 10/10
  6268 | D:6      | Reached skill level 5 in Fighting
  6980 | D:7      | Reached skill level 7 in Dodging
  7386 | D:7      | Reached skill level 5 in Long Blades
  7954 | D:8      | Noticed Harold
  8208 | D:8      | Noticed Gastronok
  8252 | D:9      | Found Pukusm's Book Shop.
  8343 | D:9      | Found a staircase to the Lair.
  8636 | D:9      | Noticed a troll
  8653 | D:9      | Killed a troll
  8654 | D:9      | Reached skill level 8 in Dodging
  8654 | D:9      | Reached XP level 9. HP: 19/75 MP: 11/11
  8958 | D:9      | Found Peigil's Assorted Antiques.
  9365 | D:9      | Noticed a kobold demonologist
  9378 | D:9      | Noticed a hellwing
  9388 | D:9      | Killed a kobold demonologist
  9424 | D:9      | Reached skill level 9 in Dodging
  9527 | D:9      | Noticed a two-headed ogre
  9552 | D:9      | Killed a two-headed ogre
  9854 | D:9      | Noticed an efreet
  9854 | D:9      | Noticed a boulder beetle
  9854 | D:9      | Noticed a tengu warrior
  9861 | D:9      | Noticed a boulder beetle
  9861 | D:9      | Noticed a manticore
  9861 | D:9      | Noticed an efreet
  9904 | D:9      | Killed a tengu warrior
  9905 | D:9      | Reached XP level 10. HP: 62/86 MP: 13/13
 10064 | D:10     | Entered Level 10 of the Dungeon
 10075 | D:10     | Reached skill level 10 in Dodging
 10100 | D:10     | Reached skill level 1 in Shields
 10505 | D:10     | Found a staircase to the Orcish Mines.
 10897 | D:10     | Noticed a two-headed ogre
 10981 | D:10     | Killed a two-headed ogre
 11303 | D:10     | Identified the +1 pair of boots of Piumoga {rC+ Dex+4}
 11321 | D:10     | Identified the +8 hand axe of Enocw {vamp, +Rage rC+ Dex+4
                  | SInv}
 11341 | D:10     | Reached skill level 11 in Dodging
 11358 | D:10     | Reached XP level 11. HP: 89/94 MP: 14/14
 12811 | D:11     | Noticed a two-headed ogre
 12821 | D:11     | Killed a two-headed ogre
 13488 | D:12     | Noticed a five-headed hydra
 13501 | D:12     | Killed a five-headed hydra
 14074 | D:12     | Reached skill level 5 in Shields
 15070 | D:12     | Found a runed translucent door.
 15071 | D:12     | Noticed TerrariaFan's ghost (journeyman DsFi)
 15071 | D:12     | Noticed a +3 morningstar of chaos
 15412 | D:5      | Bought the amulet of Utesk {Reflect rF++ Regen+ Dex-2 SH+5
                  | Stlth-} for 635 gold pieces
 15637 | D:8      | Noticed Maurice
 15661 | D:8      | Killed Maurice
 16006 | D:8      | Noticed Joseph
 16033 | D:8      | Killed Harold
 16043 | D:8      | Killed Joseph
 16146 | D:8      | Killed Gastronok
 16147 | D:8      | Reached XP level 12. HP: 78/106 MP: 15/15
 16497 | D:9      | Found Gus Weh's Jewellery Shoppe.
 16819 | D:9      | Found Ikhloschua's General Store.
 17068 | D:9      | Identified the +5 long sword of Midsummer {vorpal, Fly rC-
                  | rN++}
 17146 | D:9      | Killed a boulder beetle
 17147 | D:9      | Reached skill level 10 in Fighting
 17262 | D:9      | Killed a boulder beetle
 17263 | D:9      | Reached skill level 10 in Long Blades
 17340 | D:9      | Got Hutru's Tome of Conjuration and Air
 17543 | Lair:1   | Entered Level 1 of the Lair of Beasts
 17545 | Lair:1   | Noticed Nergalle
 17566 | Lair:1   | Killed Nergalle
 17949 | Lair:1   | Noticed a six-headed hydra
 17962 | Lair:1   | Killed a one-headed hydra
 18111 | Lair:1   | Reached XP level 13. HP: 116/116 MP: 16/16
 18841 | Lair:3   | Found a staircase to the Swamp.
 19318 | Lair:3   | Noticed Sonja
 19327 | Lair:3   | Killed Sonja
 19509 | Swamp:1  | Entered Level 1 of the Swamp
 19556 | Lair:4   | Found a staircase to the Snake Pit.
 19567 | Lair:4   | Reached skill level 12 in Dodging
 19789 | Lair:4   | Noticed Urug
 19810 | Lair:4   | Killed Urug
 19923 | Lair:4   | Upgraded the game from 0.27-a0-1555-g0e7b3fb1d2 to
                  | 0.28-a0-2-g643f2454ad
 21511 | Lair:6   | Entered Level 6 of the Lair of Beasts
 21619 | Lair:6   | Reached XP level 14. HP: 125/125 MP: 17/17
 22261 | Lair:6   | Found a staircase to the Slime Pits.
 22302 | Lair:6   | Reached skill level 13 in Dodging
 23387 | Lair:6   | Found a runed translucent door.
 23502 | Lair:6   | Paralysed by a hornet for 1 turns
 24010 | Orc:1    | Entered Level 1 of the Orcish Mines
 24235 | Orc:2    | Entered Level 2 of the Orcish Mines
 24300 | Orc:2    | Found a runed translucent door.
 24301 | Orc:2    | Noticed Spaninq's ghost (journeyman DDDe)
 24396 | Orc:2    | Reached skill level 14 in Dodging
 24597 | Orc:2    | Noticed an orc warlord
 24674 | Orc:1    | Killed an orc warlord
 24794 | Orc:1    | Noticed Jorgrun
 24857 | Orc:1    | Slain by Jorgrun

Illustrated notes

Levels and vault maps discovered:
D:1:      minmay_arrival_checkered_box, layout_loops_corners
D:2:      layout_basic, minmay_pentomino_p4
D:3:      minmay_spotlight, layout_loops_ring,
          mainiacjoe_overflow_cross_hatched,
          ebering_ecumenical_altar_sacrificial, fountainhead, minmay_vboxes
D:4:      layout_basic
D:5:      layout_gridville, nicolae_tso_swordbearing_angel, serial_shops, shop,
          uniq_ijyb
D:6:      layout_cave_pods, minmay_temple_entry_water_ring
D:7:      layout_gridville
D:8:      layout_loops_corners, uniq_maurice, uniq_joseph, uniq_gastronok,
          uniq_harold
D:9:      minmay_the_grid_octo_2x2 [minmay_the_grid_octo_toaster,
          minmay_the_grid_octo_thin_diamonds, minmay_the_grid_octo_clover,
          minmay_the_grid_octo_prize_star], layout_layer_cave, lair_entry_dummy,
          serial_shops, shop, nicolae_square_shop, shop, nicolae_stop_n_shop_1
D:10:     layout_basic, marbit_many_paths, nicolae_elyvilon_temple_path,
          kennysheep_orc_monster_closet_entryway
D:11:     layout_basic
D:12:     layout_loops_ring, ebering_ghost_xom, serial_bayou_ford_a
Lair:1:   layout_cave_shapes, lemuel_fruit_fields, uniq_nergalle
Lair:2:   layout_small_grid
Lair:3:   layout_gridlike, swamp_mist, st_stairs_12, uniq_sonja
Lair:4:   layout_cave_shapes, guppyfry_snake_entry_garden, minivault_24,
          uniq_urug
Lair:5:   layout_hall_layers, serial_bayou_shore_b
Lair:6:   hangedman_lair_caniforms_friends, layout_long_grid, wormcave,
          slime_altar_1, chequers_serial_rivers_marsh, st_stairs_4,
          small_statue_intersection, eino_house_with_fridge
Swamp:1:  layout_basic_swamp, nicolae_swamp_long_stream
Orc:1:    layout_caves, basic_altar, nicolae_specific_store, uniq_jorgrun
Orc:2:    st_orc_town, layout_diamond_mine, gammafunk_ghost_grave

Skill      XL: |  1  2  3  4  5  6  7  8  9 10 11 12 13 14 |
---------------+-------------------------------------------+-----
Dodging        | 1 2 3 4 5 6 8 9 11 12 14 | 14.1
Fighting       | 2 3 4 5 7 8 9 11 12 | 12.5
Long Blades    | 1 2 3 4 5 6 7 9 10 11 12 | 12.4
Shields        | 3 6 8 |  8.5
Short Blades   | |  1.7
Throwing       | |  1.7
Stealth        | |  3.6

Action                   |  1- 3 |  4- 6 |  7- 9 | 10-12 | 13-15 || total
-------------------------+-------+-------+-------+-------+-------++-------
Melee: Dagger            |   101 |   154 |   540 |   742 |       ||  1537
       Long sword        |       |       |       |   164 |  1161 ||  1325
       Scimitar          |       |       |       |     8 |    58 ||    66
Throw: Dart              |    45 |     5 |    69 |    46 |    55 ||   220
       Boomerang         |       |    18 |     7 |       |       ||    25
       Throwing net      |       |       |     1 |       |       ||     1
Evoke: Wand              |       |     1 |       |    18 |     6 ||    25
  Use: Scroll            |     2 |     4 |     8 |     5 |     3 ||    22
       Potion            |       |       |     1 |     1 |     2 ||     4
 Stab: Sleeping          |       |     4 |     2 |     5 |     2 ||    13
       Distracted        |       |     1 |       |     1 |       ||     2
       Held in net/web   |       |       |     2 |       |       ||     2
       Petrified         |       |       |       |       |     1 ||     1
Armor: Robe              |     4 |       |       |       |       ||     4
       Leather armour    |    16 |    46 |   170 |   150 |   213 ||   595
Dodge: Dodged            |    51 |   117 |   423 |   539 |   897 ||  2027
Block: Buckler           |       |       |       |   320 |   867 ||  1187
       Reflection        |       |       |       |     6 |     8 ||    14
       Rpst.: Long sword |       |       |       |    26 |   198 ||   224
       Scimitar          |       |       |       |     1 |    12 ||    13

Table legend: (Time is in decaauts)
 A = Elapsed time spent in this place.
 B = Non-inter-level travel time spent in this place.
 C = Inter-level travel time spent in this place.
 D = Time resting spent in this place.
 E = Time spent auto-exploring this place.
 F = Levels seen in this place.
 G = Mean time per level.
                   A        B        C        D        E       F      G
               +--------+--------+--------+--------+--------+-----+--------+
         Total |  24327 |  22944 |   1383 |   2330 |  15202 |  21 | 1158.4 |
       Dungeon |  17282 |  16246 |   1036 |   2055 |  10791 |  12 | 1440.2 |
          Lair |   6245 |   5912 |    333 |    259 |   4044 |   6 | 1040.8 |
         Swamp |      1 |      1 |      0 |      0 |      0 |   1 |    1.0 |
  Orcish Mines |    797 |    783 |     14 |     15 |    367 |   2 |  398.5 |
               +--------+--------+--------+--------+--------+-----+--------+

Top non-repeatable levels by time:
     D:9: 2998 daAuts
  Lair:6: 2196 daAuts
    D:11: 1679 daAuts
    D:12: 1642 daAuts
    D:10: 1578 daAuts
     D:5: 1492 daAuts
     D:6: 1402 daAuts
     D:8: 1275 daAuts
     D:1: 1263 daAuts
     D:7: 1068 daAuts
  Lair:5: 1022 daAuts
     D:3: 997 daAuts
  Lair:4: 987 daAuts
     D:4: 946 daAuts
     D:2: 937 daAuts
